 Dungeon Crawl Stone Soup version 0.28.0-53-g5a82cb258f (webtiles) character file.

Game seed: 1024872212269775612

80072 Lutefisk the Nimble (level 15, -13/113 HPs)
             Began as an Octopode Earth Elementalist on Aug 17, 2022.
             Was a High Priest of Ru.
             Mangled by a merfolk impaler
             ... wielding a +2 trident of venom
              (17 damage)
             ... on level 2 of the Shoals.
             The game lasted 03:41:31 (28493 turns).

Lutefisk the Nimble (Octopode Earth Elementalist)  Turns: 28493, Time: 03:41:31

Health: -13/113    AC:  1    Str: 16    XL:     15   Next: 65%
Magic:  21/21      EV: 14    Int: 23    God:    Ru [*****.]
Gold:   1947       SH:  0    Dex: 24    Spells: 0/22 levels left

rFire   + . .      SeeInvis +   i - +2 rapier (protect)
rCold   . . .      Faith    .   L - +0 hat "Daapixar" {Str+5}
rNeg    + . .      Spirit   .   J - amulet of Royalty {RegenMP SInv}
rPois   .          Reflect  .   c - +6 ring of dexterity
rElec   .          Harm     .   d - ring of Xom's Whimsicality {rC+ rCorr Dex+3}
rCorr   +          Rampage  .   U - +4 ring of slaying
Will    +....                   Z - ring of Vytedd {Fire Str+2 Int+2 SInv}
Stlth   +++++++...              F - ring of positive energy
HPRegen 0.28/turn               (no ring)
MPRegen 0.57/turn               (no ring)

@: lethally poisoned (-13 -> -40), unable to drink, held, studying Slings
A: almost no armour, amphibious, 7 rings, camouflage 1, gelatinous body 1,
inability to drink while threatened, missing a hand, hated by all, (nimble
swimmer 1), tentacles
a: Renounce Religion, Draw Out Power, Power Leap, Apocalypse


You were on level 2 of the Shoals.
You worshipped Ru.
Ru was extremely pleased with you.
You visited 4 branches of the dungeon, and saw 24 of its levels.
You visited the Abyss 1 time.
You also visited: Gauntlet.

You collected 2211 gold pieces.
You spent 264 gold pieces at shops.

Inventory:

Hand Weapons
 i - a +2 rapier of protection (weapon)
 x - a +3 dagger of freezing
Missiles
 b - 148 stones
 o - 4 datura-tipped darts
 G - 7 javelins
 W - 17 poisoned darts (quivered)
Armour
 u - an orb of wrath
 L - the +0 hat "Daapixar" (worn) {Str+5}
   (You acquired it on level 14 of the Dungeon)

   Str:       It affects your strength (+5).
Magical Staves
 g - a staff of conjuration
 M - a staff of fire
 V - a staff of poison
 X - a staff of cold
Jewellery
 c - a +6 ring of dexterity (left tentacle)
 d - the ring of Xom's Whimsicality (right tentacle) {rC+ rCorr Dex+3}
   (You acquired it on level 2 of the Orcish Mines)

   [ring of resist corrosion]

   Dex:       It affects your dexterity (+3).
   rC:        It protects you from cold.
   rCorr:     It protects you from acid and corrosion.
 F - a ring of positive energy (on tentacle)
 H - a ring of ice
 J - the amulet of Royalty (around mantle) {RegenMP SInv}
   (You found it in a Gauntlet)

   [amulet of magic regeneration]

   It increases your rate of magic regeneration.
   SInv:      It lets you see invisible.
 U - a +4 ring of slaying (on tentacle)
 Z - the ring of Vytedd (on tentacle) {Fire Str+2 Int+2 SInv}
   (You found it in a Gauntlet)

   [ring of fire]

   It enhances your fire magic.
   Str:       It affects your strength (+2).
   Int:       It affects your intelligence (+2).
   rF:        It protects you from fire.
   rC:        It makes you vulnerable to cold.
   SInv:      It lets you see invisible.
Wands
 l - a wand of paralysis (1)
 v - a wand of iceblast (16)
 B - a wand of flame (76)
 C - a wand of digging (9)
Scrolls
 e - 4 scrolls of fog
 j - 2 scrolls of amnesia
 m - 5 scrolls of enchant armour
 q - a scroll of immolation {unknown}
 s - 4 scrolls of vulnerability
 t - 3 scrolls of enchant weapon
 y - 6 scrolls of teleportation
 D - a scroll of summoning {unknown}
 E - 3 scrolls of silence
 O - a scroll of holy word {unknown}
 P - 4 scrolls of fear
 T - a scroll of magic mapping {unknown}
Potions
 a - 13 potions of curing
 f - 3 potions of lignification {unknown}
 h - 5 potions of attraction
 k - a potion of resistance {unknown}
 n - 2 potions of brilliance {unknown}
 p - 4 potions of haste
 r - a potion of invisibility {unknown}
 w - 5 potions of berserk rage
 A - 2 potions of cancellation
 I - a potion of degeneration {unknown}
 K - 3 potions of mutation
 N - 4 potions of heal wounds
 Q - 5 potions of might
 S - 2 potions of magic {unknown}
 Y - a potion of ambrosia {unknown}
Miscellaneous
 z - a tin of tremorstones (2/2)
 R - a lightning rod (4/4)


   Skills:
 - Level 14.0 Fighting
 * Level 14.2 Dodging
 - Level 13.0 Stealth
 - Level 4.0 Spellcasting
 - Level 2.0 Conjurations
 - Level 3.0 Necromancy
 - Level 8.0 Transmutations
 - Level 14.0 Earth Magic
 - Level 1.0 Poison Magic
 - Level 5.0 Evocations


You couldn't memorise any spells.
You knew the following spells:

 Your Spells              Type           Power      Damage    Failure   Level
a - Sandblast             Erth           100%       2d20      1%          1
b - Passwall              Tmut/Erth      44%        N/A       1%          2
c - Sting                 Tmut/Pois      100%       1d8       1%          1
d - Stone Arrow           Conj/Erth      82%        3d12      1%          3
e - Statue Form           Tmut/Erth      35%        N/A       17%         6
f - Petrify               Tmut/Erth      53%        N/A       1%          4
g - Borgnjor's Vile Clut  Necr/Erth      21%        N/A       9%          5

Your spell library contained the following spells:

 Spells                   Type           Power      Damage    Failure   Level
 Spider Form              Tmut/Pois      25%        N/A       4%          3
 Leda's Liquefaction      Hex/Erth       18%        N/A       6%          4
 Corpse Rot               Necr/Air       22%        N/A       9%          2
 Static Discharge         Conj/Air       9%         N/A       11%         2
 Poisonous Vapours        Pois/Air       12%        N/A       13%         2
 Blink                    Tloc           8%         N/A       16%         2
 Ensorcelled Hibernation  Hex/Ice        8%         N/A       16%         2
 Portal Projectile        Hex/Tloc       8%         N/A       30%         3
 Anguish                  Hex/Necr       5%         N/A       50%         4
 Hailstorm                Conj/Ice       9%         3d4       56%         4
 Olgreb's Toxic Radiance  Pois           9%         N/A       56%         4
 Manifold Assault         Tloc           4%         N/A       96%         5
 Dispersal                Tloc           2%         N/A       100%        6
 Storm Form               Tmut/Air       11%        N/A       100%        7
 Disjunction              Tloc           2%         N/A       100%        8
 Lehudib's Crystal Spear  Conj/Erth      20%        10d6      100%        8
 Shatter                  Erth           31%        3d25*     100%        9
 Call Canine Familiar     Summ           Unusable   N/A       N/A         3
 Animate Dead             Necr           Unusable   N/A       N/A         4
 Death Channel            Necr           Unusable   N/A       N/A         6

Dungeon Overview and Level Annotations

Branches:
Dungeon (14/15)            Temple (0/1) D:6            Lair (6/6) D:11
 Shoals (2/4) Lair:3        Snake (0/4) Lair:2        Slime (0/5) Lair:5
    Orc (2/2) D:11            Elf (0/3) Orc:2        Vaults (0/5) D:13
Gauntlet (visited)

Altars:
Elyvilon
Hepliaklqana
Kikubaaqudgha
Ru
Sif Muna
Trog
Xom
Yredelemnul
Zin
The Shining One
Beogh
Jiyva

Shops:
D:1 [   D:7 [   Orc:2 !([*

Annotations:
D:3 Sigmund
D:6 Edmund
D:7 Dowan, Harold, Joseph, Prince Ribbit
D:9 1 runed translucent door
D:14 Frances
Lair:2 Gastronok
Lair:3 Nergalle
Shoals:1 Mlioglotl
Shoals:2 Polyphemus
Orc:1 1 runed translucent door, Unforgiven's ghost, journeyman VSFi


Innate Abilities, Weirdness & Mutations

You cannot wear most types of armour.
You are amphibious.
You can wear up to seven rings at the same time.
Your skin changes colour to match your surroundings (Stealth+).
Your rubbery body absorbs attacks. (AC +1, EV +1)
You sometimes lose the ability to drink potions when taking damage.
You are missing a hand.
You are hated by all.
((You are camouflaged when in or above water. (Stealth+)))
You have tentacles for arms and can constrict up to seven enemies at once.


Message History

The merfolk impaler is moderately wounded.
You constrict the merfolk impaler! The merfolk barely misses you. x2
The merfolk hits you from afar with a +0 spear!
The merfolk hits you from afar with a +0 trident!
The merfolk impaler escapes!
You closely miss the merfolk impaler. You grab the merfolk impaler.
The merfolk impaler is heavily wounded.
You constrict the merfolk impaler.
The merfolk throws a throwing net.
The throwing net hits you.
You become entangled in the net!
The merfolk hits you but does no damage.
The merfolk impaler hits you but does no damage.
The merfolk closely misses you. The merfolk misses you.
The merfolk hits you but does no damage.
You struggle against the net.
You constrict the merfolk impaler!
The merfolk impaler is no longer moving slowly.
The merfolk impaler misses you.
The merfolk hits you but does no damage.
The merfolk throws a boomerang.
The boomerang hits you but does no damage.
The merfolk throws a boomerang of dispersal.
The boomerang of dispersal closely misses you.
The merfolk impaler closely misses you.
You struggle against the net.
You revert to your normal fleshy form.
You constrict the merfolk impaler! The merfolk closely misses you.
The merfolk impaler hits you with a +2 trident of venom!!
You feel threatened and lose the ability to drink potions!
You are poisoned.
The merfolk hits you from afar with a +0 trident!
The merfolk throws a boomerang of dispersal.
The boomerang of dispersal closely misses you.
The merfolk impaler is stunned by your conviction and fails to attack.
The merfolk hits you from afar with a +0 spear!!
The merfolk hits you from afar with a +0 trident!!
* * * LOW HITPOINT WARNING * * *
You focus your inner power and blind the merfolk in retribution!
The merfolk hits you from afar with a +0 trident!
* * * LOW HITPOINT WARNING * * *
The merfolk impaler hits you with a +2 trident of venom!
You die...

≈≈≈≈≈≈≈≈≈≈≈≈....)≈≈....#####...≈≈
..≈≈≈≈≈........##≈≈≈.......##..≈≈
.≈≈≈≈≈≈........##.≈≈...≈..####.≈≈
.≈≈≈≈≈≈≈....##.##[.............≈≈
.≈≈≈≈≈≈≈...#####..............≈≈≈
.≈≈≈......## #.....###.....≈≈≈≈
.≈..###...# ##...## #...≈≈≈≈≈≈
≈≈.## ... #....####..≈≈≈≈≈≈≈ ≈≈.#
#@m........≈≈≈≈≈≈≈ ≈≈.#
###....≈.....≈≈≈≈≈≈≈
###.mmm..≈≈≈≈≈.≈≈≈≈≈≈≈
#....m....≈≈≈≈..≈≈≈.c
....m.?.).....≈≈≈≈...S≈..≈
.....m.##........... (..###.
.....≈.##... ≈. ....P....P.... .
..............


You could see a merfolk impaler and 4 merfolk.

Vanquished Creatures
  An orc warlord (Orc:1)
  A minotaur (Gauntlet)
  A merfolk impaler (Shoals:1)
  Josephine (D:13)
  A great orb of eyes (Gauntlet)
  A boulder beetle (Lair:6)
  Fannar (D:11)
  4 hydras
  A merfolk avatar (Shoals:2)
  2 catoblepae
  3 centaur warriors
  A death knight (D:12)
  2 death yaks (Lair:6)
  6 two-headed ogres
  A deep troll shaman (Lair:6)
  2 tengu warriors
  3 orc high priests (Orc:2)
  2 sea snakes (Shoals:2)
  A steelbarb worm (shapeshifter) (D:9)
  4 harpies (Shoals:2)
  A deep elf pyromancer (D:9)
  2 necromancers (D:13)
  4 orc knights (Orc:2)
  6 ugly things
  2 wizards
  5 manticores
  5 orc sorcerers
  2 cyclopes
  25 elephants
  A black mamba (Lair:2)
  A merfolk siren (Shoals:2)
  4 gargoyles
  10 cane toads
  2 torpor snails
  2 rime drakes
  An unseen horror (D:12)
  A kobold demonologist (D:12)
  7 komodo dragons
  A tengu conjurer (D:14)
  A polar bear (Lair:6)
  2 merfolk
  7 trolls
  A wind drake (Shoals:1)
  5 blink frogs
  4 dream sheep (Lair:4)
  9 slime creatures
  A snapping turtle (Shoals:2)
  2 wyverns
  47 yaks
  3 basilisks
  A water elemental (Shoals:1)
  7 wraiths
  Grum (D:11)
  A steam dragon (D:8)
  6 vampire mosquitoes
  An acid dragon (D:11)
  Duvessa (D:7)
  15 water moccasins
  2 sky beasts (D:6)
  A hornet zombie (D:8)
  7 black bears
  23 orc warriors
  20 wolves
  6 necrophages
  3 ogres
  10 centaurs
  2 phantoms
  4 kobold brigands
  9 bullfrogs
  3 scorpions (D:5)
  A gnoll sergeant (D:9)
  6 wights
  8 electric eels
  5 howler monkeys
  2 jellies
  3 centaur zombies
  2 bullfrog zombies (D:6)
  2 hounds
  A human zombie (D:6)
  21 orc priests
  A centaur skeleton (D:7)
  Crazy Yiuf (D:5)
  2 bullfrog skeletons (D:5)
  An iguana (D:7)
  6 hell rats (Lair:6)
  19 orc wizards
  A killer bee zombie (D:6)
  A hound zombie (D:5)
  3 mummies (D:6)
  A howler monkey zombie (D:6)
  3 gnolls (D:9)
  5 adders
  A howler monkey simulacrum (D:9)
  An ufetubus (D:5)
  An adder skeleton (D:4)
  A worm (D:4)
  4 dart slugs
  71 orcs
  5 endoplasms
  5 giant cockroaches
  9 goblins
  10 hobgoblins
  5 jackals
  33 kobolds
  4 quokkas
  4 ball pythons
  7 bats
  2 frilled lizards
  A goblin zombie (D:9)
  3 rats
588 creatures vanquished.

Vanquished Creatures (collateral kills)
  15 yaks
  A water moccasin (Lair:5)
  An orc warrior (Orc:1)
17 creatures vanquished.

Vanquished Creatures (others)
  A death yak (Lair:6)
  An elephant (Lair:6)
  A merfolk siren (Shoals:1)
  A cane toad (Lair:2)
  A komodo dragon (Lair:6)
  3 yaks
  A vampire mosquito (D:13)
  A water moccasin (Lair:4)
  A phantom (D:4)
  2 bushes
  49 fungi
  95 plants
157 creatures vanquished.

Grand Total: 762 creatures vanquished

Notes
Turn   | Place    | Note
-------+----------+-------------------------------------------
     0 | D:1      | Lutefisk the Octopode Earth Elementalist began the quest
                  | for the Orb.
     0 | D:1      | Reached XP level 1. HP: 11/11 MP: 3/3
   106 | D:1      | Reached skill level 1 in Fighting
   108 | D:1      | Reached XP level 2. HP: 9/18 MP: 0/5
   368 | D:1      | Found Habuheih's Armour Shop.
   420 | D:1      | Learned a level 2 spell: Passwall
   422 | D:1      | Learned a level 1 spell: Sting
   634 | D:2      | Reached XP level 3. HP: 24/24 MP: 6/6
   634 | D:2      | Found a sacrificial altar of Ru.
   727 | D:2      | Became a worshipper of Ru the Awakened
   985 | D:2      | Reached skill level 1 in Poison Magic
  1092 | D:2      | Reached XP level 4. HP: 24/30 MP: 2/7
  1211 | D:3      | Noticed Sigmund
  1428 | D:3      | Found a glowing silver altar of Zin.
  1526 | D:3      | Found a faded altar of an unknown god.
  1597 | D:4      | Noticed a phantom
  2013 | D:4      | Gained mutation: You sometimes lose the ability to drink
                  | potions when taking damage. [Ru sacrifice]
  2013 | D:4      | Reached * piety under Ru
  2161 | D:4      | Noticed a black bear
  2213 | D:4      | Killed a phantom
  2214 | D:4      | Reached XP level 5. HP: 22/37 MP: 1/8
  2505 | D:4      | Killed a black bear
  2506 | D:4      | Reached XP level 6. HP: 28/43 MP: 4/9
  2623 | D:4      | Reached skill level 5 in Fighting
  2865 | D:4      | Reached XP level 7. HP: 24/50 MP: 8/10
  3091 | D:5      | Entered Level 5 of the Dungeon
  3112 | D:5      | Reached skill level 5 in Stealth
  3401 | D:5      | Noticed Edmund
  3820 | D:5      | Found a runed translucent door.
  3821 | D:5      | Noticed Crazy Yiuf
  3830 | D:5      | Killed Crazy Yiuf
  3960 | D:5      | Found a shimmering blue altar of Sif Muna.
  3960 | D:5      | Found a hazy altar of Hepliaklqana.
  4008 | D:5      | Learned a level 3 spell: Stone Arrow
  4120 | D:5      | Reached XP level 8. HP: 50/57 MP: 8/11
  4192 | D:6      | Reached skill level 1 in Conjurations
  4487 | D:6      | Found a staircase to the Ecumenical Temple.
  4565 | D:6      | Reached skill level 5 in Earth Magic
  4565 | D:6      | Reached skill level 1 in Evocations
  4790 | D:6      | Reached skill level 5 in Dodging
  5043 | D:6      | Reached XP level 9. HP: 12/63 MP: 10/12
  5298 | D:6      | Found an ancient bone altar of Kikubaaqudgha.
  5532 | D:7      | Noticed Dowan
  6042 | D:7      | Noticed Prince Ribbit
  6514 | D:7      | Found a white marble altar of Elyvilon.
  6514 | D:7      | Found a bloodstained altar of Trog.
  6515 | D:7      | Noticed Harold
  6774 | D:7      | Found Tuuff's Antique Armour Shoppe.
  6818 | D:7      | Noticed Duvessa
  6824 | D:7      | Noticed Joseph
  6831 | D:7      | Killed Duvessa
  7883 | D:8      | Reached XP level 10. HP: 70/72 MP: 7/14
  8499 | D:9      | Noticed a two-headed ogre
  8514 | D:9      | Killed a two-headed ogre
  8893 | D:9      | Noticed a tengu warrior
  8924 | D:9      | Found a runed translucent door.
  8933 | D:9      | Found a basalt altar of Yredelemnul.
  8952 | D:9      | Reached skill level 10 in Fighting
  9070 | D:10     | Entered Level 10 of the Dungeon
  9212 | D:10     | Noticed a two-headed ogre
  9816 | D:10     | Killed a two-headed ogre
  9817 | D:10     | Reached skill level 10 in Stealth
  9817 | D:10     | Reached XP level 11. HP: 49/81 MP: 1/15
 10111 | D:11     | Found a staircase to the Orcish Mines.
 10217 | D:11     | Noticed Grum
 10217 | D:11     | Noticed a manticore
 10981 | D:11     | Noticed Fannar
 11018 | D:11     | Found a staircase to the Lair.
 11463 | Lair:1   | Entered Level 1 of the Lair of Beasts
 11794 | Lair:2   | Noticed Gastronok
 12665 | Lair:2   | Found a staircase to the Snake Pit.
 12974 | Lair:2   | Gained mutation: You are missing a hand. [Ru sacrifice]
 12974 | Lair:2   | Reached ** piety under Ru
 12974 | Lair:2   | Reached *** piety under Ru
 12974 | Lair:2   | Reached **** piety under Ru
 13073 | Lair:2   | Reached skill level 10 in Dodging
 14314 | Lair:2   | Reached skill level 5 in Evocations
 14516 | Lair:2   | Reached XP level 12. HP: 59/87 MP: 3/16
 15072 | Lair:3   | Found a staircase to the Shoals.
 15657 | Lair:3   | Noticed Nergalle
 16128 | Lair:4   | Reached skill level 10 in Earth Magic
 16141 | Lair:4   | Learned a level 2 spell: Ensorcelled Hibernation
 16159 | Lair:4   | Gained mutation: You are hated by all. [Ru sacrifice]
 16159 | Lair:4   | Reached ***** piety under Ru
 16189 | Lair:4   | Identified the +2 ring mail of the Harvest {Int+2}
 16498 | Lair:4   | Noticed a five-headed hydra
 16506 | Lair:4   | Killed a five-headed hydra
 16853 | Lair:4   | Reached XP level 13. HP: 44/93 MP: 1/17
 17664 | Lair:5   | Found a staircase to the Slime Pits.
 17884 | Lair:6   | Entered Level 6 of the Lair of Beasts
 17899 | Lair:6   | Learned a level 4 spell: Petrify
 19740 | Lair:6   | Noticed a dire elephant
 19996 | Lair:6   | Reached XP level 14. HP: 39/99 MP: 3/20
 21849 | D:11     | Killed Grum
 21998 | D:11     | Killed Fannar
 22560 | Orc:1    | Entered Level 1 of the Orcish Mines
 22560 | Orc:1    | Noticed an orc warlord
 22571 | Orc:1    | Killed an orc warlord
 22664 | Orc:1    | Found a runed translucent door.
 22665 | Orc:1    | Found a shimmering altar of Xom.
 22665 | Orc:1    | Noticed Unforgiven's ghost (journeyman VSFi)
 22755 | Orc:2    | Entered Level 2 of the Orcish Mines
 22842 | Orc:2    | Found a staircase to the Elven Halls.
 23124 | Orc:2    | Identified 3 scrolls of acquirement
 23125 | Orc:2    | Acquired the ring of Xom's Whimsicality {rC+ rCorr Dex+3}
 23484 | Orc:2    | Found Uzewiumm's Antique Weapon Shoppe.
 23604 | Orc:2    | Paralysed by an orc sorcerer for 5 turns
 24056 | Orc:2    | Found Ulihiyvu's Distillery.
 24057 | Orc:2    | Found Qosor's Armour Shop.
 24060 | Orc:2    | Found Fufenaitu's Assorted Antiques.
 24070 | Orc:2    | Bought a fuming grey potion for 27 gold pieces
 24070 | Orc:2    | Bought a fuming sapphire potion for 27 gold pieces
 24080 | Orc:2    | Bought a potion of haste for 140 gold pieces
 24080 | Orc:2    | Bought a potion of heal wounds for 70 gold pieces
 24083 | Orc:2    | Acquired Lutefisk's Catalogue of Clay and Conjuration
 24092 | Orc:2    | Learned a level 6 spell: Statue Form
 24767 | D:12     | Reached skill level 5 in Transmutations
 25216 | D:13     | Reached XP level 15. HP: 89/111 MP: 1/21
 25218 | D:13     | Noticed Josephine
 25236 | D:13     | Killed Josephine
 25320 | D:13     | Found a gate to the Vaults.
 25332 | D:13     | Cast into level 2 of the Abyss (a wizard)
 25335 | Abyss:2  | Found a hide-covered altar of Uskayaw.
 25343 | D:13     | Escaped the Abyss
 25502 | D:13     | Learned a level 5 spell: Borgnjor's Vile Clutch
 25558 | D:13     | Found a glowing golden altar of the Shining One.
 25579 | D:13     | Reached skill level 1 in Necromancy
 26206 | D:14     | Found a gate leading to a gauntlet.
 26222 | D:14     | Acquired the +0 hat "Daapixar" {Str+5}
 26614 | Gauntlet | Entered a Gauntlet
 26614 | Gauntlet | Found a transporter.
 26614 | Gauntlet | Found a transporter.
 26615 | Gauntlet | Found a transporter.
 26615 | Gauntlet | Found a transporter.
 26618 | Gauntlet | Found a transporter.
 26631 | Gauntlet | Found a transporter.
 26635 | Gauntlet | Found a transporter.
 26645 | Gauntlet | Found a transporter.
 26735 | Gauntlet | Found a transporter.
 26745 | Gauntlet | Found a transporter.
 26749 | Gauntlet | Found a transporter.
 26759 | Gauntlet | Found a transporter.
 27063 | Gauntlet | Identified the ring of Vytedd {Fire Str+2 Int+2 SInv}
 27123 | Gauntlet | Identified the +0 pair of boots of Wiomn {MP+9 Int-5 Dex+3}
 27394 | Gauntlet | Identified the amulet of Royalty {RegenMP SInv}
 27481 | D:14     | Noticed Frances
 27641 | Shoals:1 | Entered Level 1 of the Shoals
 27795 | Shoals:1 | Noticed Mlioglotl
 28266 | Shoals:2 | Noticed Polyphemus
 28493 | Shoals:2 | HP: 4/113 [merfolk/+0 trident (14)]
 28493 | Shoals:2 | Mangled by a merfolk impaler

Illustrated notes

Levels and vault maps discovered:
D:1:      lemuel_arrival_rhombus, layout_loops_cross, serial_shops,
          nicolae_shop_hallway_stairs
D:2:      layout_loops_cross, basic_altar
D:3:      layout_loops_cross, zin_academy, ebering_ecumenical_altar_abandoned,
          solitary_fountain, uniq_sigmund
D:4:      minmay_bubble_buster, layout_rooms
D:5:      layout_basic, gammafunk_temple_overflow_elements, uniq_edmund,
          uniq_crazy_yiuf_cottage
D:6:      layout_gridville, lemuel_mausoleum_altar_kikubaaqudgha,
          minmay_temple_entry_statues
D:7:      layout_loops_corners, gammafunk_temple_overflow_pools, serial_shops,
          shop, uniq_harold, uniq_joseph, uniq_prince_ribbit1, uniq_duvessa
D:8:      layout_basic
D:9:      layout_roguey, dk_yredelemnul_ordeal, minmay_shattered_shrine
D:10:     layout_rooms
D:11:     layout_roguey, erik_lair_island, orc_0_dummy, minivault_4, uniq_grum,
          uniq_fannar
D:12:     layout_irregular_city, minmay_misc_feat_chi
D:13:     layout_rooms, david_vaults_1, tso_oasis_becter, uniq_josephine
D:14:     evilmike_iron_armoury, layout_cave_pools, serial_column_ruins,
          column_ruins_open_medium, column_ruins_grid_1,
          column_ruins_columns_straight, column_ruins_grid_4,
          column_ruins_corridor_corner, column_ruins_grid_1,
          gauntlet_entry_generic, water_maze_lemuel, uniq_frances
Lair:1:   layout_cave_pods, wad_woods_06
Lair:2:   layout_cave_pods, dummy_snake_entry, fungi_pond_lemuel,
          chequers_serial_rivers_room_b, ldierk_geyser, uniq_gastronok
Lair:3:   layout_regular_city, elwin_shoals_entry_rocks, serial_bayou_pond_c,
          disabler_island, uniq_nergalle
Lair:4:   layout_roguey
Lair:5:   layout_cellular_growth, slime_altar_1, grunt_megastairs_5
Lair:6:   grunt_lair_end_beastmaster, layout_regular_city
Shoals:1: layout_shoals, ebering_ghost_disaster_area, shoals_oasis,
          uniq_mlioglotl
Shoals:2: layout_shoals, uniq_polyphemus
Orc:1:    layout_caves, basic_altar, ebering_ghost_xom
Orc:2:    st_orc_elflike, layout_diamond_mine, basic_altar

Skill      XL: |  1  2  3  4  5  6  7  8  9 10 11 12 13 14 15 |
---------------+----------------------------------------------+-----
Stealth        | 3 4 5 6 7 10 11 12 13 | 13.0
Fighting       | 1 2 4 5 6 8 10 12 14 | 14.0
Poison Magic   | 1 |  1.0
Transmutations | 2 3 4 5 8 |  8.0
Earth Magic    | 4 6 7 9 10 12 14 | 14.0
Dodging        | 4 5 6 8 10 11 12 14 | 14.2
Conjurations   | 2 |  2.0
Evocations     | 1 3 4 5 |  5.0
Spellcasting   | 3 4 |  4.0
Necromancy     | 3 |  3.0

Action                   |  1- 3 |  4- 6 |  7- 9 | 10-12 | 13-15 || total
-------------------------+-------+-------+-------+-------+-------++-------
Melee: Dagger            |    53 |    51 |    81 |     2 |       ||   187
       Constrict         |    14 |    28 |    47 |    49 |   111 ||   249
       Tentacles         |    11 |    21 |    49 |   147 |   219 ||   447
       Quarterstaff      |       |    24 |   122 |       |       ||   146
       Punch             |       |     1 |     3 |     3 |    16 ||    23
       Rapier            |       |       |       |   422 |   634 ||  1056
       Staff             |       |       |       |       |    11 ||    11
       Trident           |       |       |       |       |     2 ||     2
Throw: Dart              |     3 |       |     6 |    55 |    67 ||   131
 Cast: Sandblast         |    11 |    26 |    45 |    55 |   156 ||   293
       Sting             |     5 |    20 |    25 |    13 |     5 ||    68
       Passwall          |       |     1 |    17 |    10 |     8 ||    36
       Stone Arrow       |       |       |     9 |   177 |   230 ||   416
       Petrify           |       |       |       |       |    64 ||    64
       Statue Form       |       |       |       |       |     5 ||     5
       Borgnjor's Vile C |       |       |       |       |     2 ||     2
Invok: Sacrifice Drink   |       |     1 |       |       |       ||     1
       Reject Sacrifices |       |       |     1 |       |     2 ||     3
       Draw Out Power    |       |       |       |     2 |     6 ||     8
       Sacrifice a Hand  |       |       |       |     1 |       ||     1
       Apocalypse        |       |       |       |     1 |     6 ||     7
       Sacrifice Love    |       |       |       |     1 |       ||     1
Evoke: Wand              |       |       |       |     6 |     9 ||    15
  Use: Scroll            |       |       |     8 |     4 |    14 ||    26
 Stab: Sleeping          |    14 |     9 |    20 |     8 |    18 ||    69
       Distracted        |       |       |       |     5 |     9 ||    14
       Paralysed         |       |       |       |     2 |    12 ||    14
       Invisible         |       |       |       |     3 |     6 ||     9
       Petrified         |       |       |       |       |    62 ||    62
       Petrifying        |       |       |       |       |     4 ||     4
Armor: Skin              |     3 |     7 |    10 |    65 |   174 ||   259
Dodge: Dodged            |    26 |    44 |   162 |   458 |   924 ||  1614
